 Dungeon Crawl Stone Soup version 0.31-a0-152-g6aa68a64a1 (webtiles) character file.

Game seed: 9836920948344999137

86 qw the Shooter (level 4, 0/38 HPs)
             Began as a Minotaur Hunter on June 9, 2023.
             Slain by an orc priest
             ... wielding a +0 club
              (1 damage)
             ... on level 3 of the Dungeon.
             The game lasted 00:00:33 (1546 turns).

qw the Shooter (Minotaur Hunter)                    Turns: 1546, Time: 00:00:33

Health: 0/38       AC:  3    Str: 15    XL:     4   Next: 27%
Magic:  3/3        EV: 12    Int:  6    God:
Gold:   108        SH:  0    Dex: 16    Spells: 3/3 levels left

rFire   . . .        Y - +0 shortbow
rCold   . . .        (shield currently unavailable)
rNeg    . . .        c - +0 leather armour
rPois   .            (helmet restricted)
rElec   .            (no cloak)
rCorr   .            (no gloves)
SInv    .            (no boots)
Will    .....        (no amulet)
Stlth   +            (no ring)
HPRegen 0.26/turn    (no ring)
MPRegen 0.08/turn

%: no passive effects
@: no status effects
A: horns 2, retaliatory headbutt
a: no special abilities


You were on level 3 of the Dungeon.
You visited 1 branch of the dungeon, and saw 3 of its levels.

You collected 108 gold pieces.


Innate Abilities, Weirdness & Mutations

You have a pair of horns on your head.
You reflexively headbutt those who attack you in melee.


   Skills:
 + Level 3.2 Fighting
 - Level 6.1 Ranged Weapons
 - Level 2.1 Dodging
 - Level 0.7 Stealth


You had 3 spell levels left.
You didn't know any spells.
Your spell library was empty.

Inventory:

Hand Weapons
 Y - a +0 shortbow (weapon)
Armour
 c - a +0 leather armour (worn)
Scrolls
 a - a scroll of identify
Potions
 d - a potion of haste {unknown}
 g - a potion of ambrosia {unknown}
 i - a potion of curing {unknown}
 k - a potion of resistance

Dungeon Overview and Level Annotations

Branches:
Dungeon (3/15)

Altars:


Message History

Found 5 stones.
There is a stone staircase leading down here.
You see here 5 stones. 2 orcs and an orc priest come into view.
The orc shouts!
The orc priest shouts!
You shoot an arrow. The arrow barely misses the orc.
You shoot an arrow. The arrow hits the orc.
The orc is moderately wounded.
You shoot an arrow. The arrow closely misses the orc.
You shoot an arrow. The arrow closely misses the orc.
The orc hits you with a +0 club.
The orc priest mumbles some strange prayers to Beogh against you.
Beogh smites you!
You shoot an arrow. The arrow closely misses the orc.
The orc misses you.
The orc priest mumbles some strange prayers to Beogh against you.
Beogh smites you!
You shoot an arrow. The arrow hits the orc!
You kill the orc!
The orc priest looks encouraged for a moment.
The orc hits you but does no damage.
You shoot an arrow. The arrow hits the orc.
The orc is heavily wounded.
The orc misses you.
The orc priest calls down the wrath of Beogh upon you.
Beogh smites you!
You shoot an arrow. The arrow closely misses the orc.
You shoot an arrow. The arrow barely misses the orc.
The orc hits you with a +0 club. The orc priest closely misses you.
You shoot an arrow. The arrow barely misses the orc.
The orc barely misses you. The orc priest hits you with a +0 club.
You shoot an arrow. The arrow barely misses the orc.
The orc barely misses you.
The orc priest hits you but does no damage.
You shoot an arrow. The arrow hits the orc!
You kill the orc!
The orc priest hits you with a +0 club.
You shoot an arrow. The arrow barely misses the orc priest.
The orc priest hits you with a +0 club.
You die...

###... ##.# #.# #.#
###########..
........(..>.
#######.###..
#############.###..
#)@................
#o#####.#########.#
#. #.# #.# #. #.#
#.# #. #.# #.# #.
#.# #. #.# #[. #.
#.# #.. #.# ##.


You could see an orc priest.

Vanquished Creatures
  Robin (D:3)
  3 dart slugs
  2 orcs (D:3)
  6 endoplasms
  A giant cockroach (D:1)
  16 goblins
  4 hobgoblins
  3 jackals (D:2)
  6 kobolds
  2 quokkas
  3 ball pythons
  6 bats
  3 frilled lizards
  5 rats
61 creatures vanquished.

Notes
Turn   | Place    | Note
-------+----------+-------------------------------------------
     0 | D:1      | qw the Minotaur Hunter began the quest for the Orb.
     0 | D:1      | Reached XP level 1. HP: 18/18 MP: 0/0
     0 | D:1      | 0 ||| qw: Version: 0.2-a-121-gba3a3e5
     0 | D:1      | 0 ||| qw: Game counter: 3232
     0 | D:1      | 0 ||| qw: Always use a shield: true
     0 | D:1      | 0 ||| qw: God list: Okawaru
     0 | D:1      | 0 ||| qw: Allow faded altars: false
     0 | D:1      | 0 ||| qw: Do Orc after D:15 true
     0 | D:1      | 0 ||| qw: Do second Lair branch before Depths: true
     0 | D:1      | 0 ||| qw: Lair rune preference: random
     0 | D:1      | 0 ||| qw: Plans: Normal
     0 | D:1      | 0 ||| PLANNING D:1-11
   173 | D:1      | Reached XP level 2. HP: 25/25 MP: 1/1
   241 | D:1      | Reached skill level 5 in Ranged Weapons
   392 | D:1      | Reached skill level 3 in Fighting
   669 | D:1      | 669 ||| READING scroll labelled CIRETR ZEANT.
   670 | D:1      | 670 ||| READING scroll labelled KOERIKY FEJO.
   671 | D:1      | 671 ||| READING scroll labelled NAOFUI XALOA.
   672 | D:1      | 672 ||| DROPPING scroll of butterflies.
   741 | D:2      | Reached XP level 3. HP: 31/31 MP: 2/2
  1280 | D:2      | 1280 ||| READING 2 scrolls labelled XETEAMN FURHU.
  1281 | D:2      | 1281 ||| DRINKING 2 black potions.
  1282 | D:2      | 1282 ||| DRINKING 2 lumpy clear potions.
  1283 | D:2      | 1283 ||| DROPPING potion of invisibility.
  1391 | D:3      | Noticed Robin
  1398 | D:3      | Reached XP level 4. HP: 22/38 MP: 3/3
  1402 | D:3      | Killed Robin
  1403 | D:3      | Reached skill level 6 in Ranged Weapons
  1540 | D:3      | HP: 7/38 [orc priest/divine providence (9)]
  1543 | D:3      | HP: 3/38 [orc priest/+0 club (4)]
  1545 | D:3      | HP: 1/38 [orc priest/+0 club (2)]
  1546 | D:3      | Slain by an orc priest

Levels and vault maps discovered:
D:1:      psy_arrival_spokes, layout_loops_ring, minmay_misc_feat_square
D:2:      layout_basic, corexii_leaking_fountain
D:3:      layout_loops_ring, dreamdust_ecumenical_altar_hidden_monk_grotto,
          uniq_robin

Skill      XL: |  1  2  3  4 |
---------------+-------------+-----
Ranged Weapons | 5 6 |  6.1
Fighting       | 3 |  3.2
Dodging        | |  2.1
Stealth        | |  0.7

Action                     |  1- 3 |  4- 6 || total
---------------------------+-------+-------++-------
   Fire: Shortbow          |   113 |    23 ||   136
    Use: Scroll            |     4 |       ||     4
         Potion            |     2 |       ||     2
 Armour: Leather armour    |    10 |     4 ||    14
  Dodge: Dodged            |    19 |    11 ||    30

Table legend:
 A = Non-vault XP
 B = Vault XP
 C = Vault XP percentage of total XP
 D = Non-vault monster count
 E = Vault monster count
 F = Vault count percentage of total count
                 A         B        C        D         E       F
            +---------+---------+-------+---------+---------+-------
      Total |      85 |      39 |  31.5 |      48 |      13 |  21.3
            +---------+---------+-------+---------+---------+-------
        D:1 |      30 |       0 |   0.0 |      18 |       0 |   0.0
        D:2 |      44 |       0 |   0.0 |      25 |       0 |   0.0
        D:3 |      11 |      39 |  78.0 |       5 |      13 |  72.2
            +---------+---------+-------+---------+---------+-------
